[ PARTIDA AOE2 · #494814494 ]
UnrankedCumanos vs Teutons
Equipo del jugador · DERR
Equipo rival · VICT
[ ANÁLISIS DE REPETICIÓN · EXTRAÍDO DE LA PARTIDA GRABADA ]
Feudal
8:25
Castillos
28:31
Imperial
—
| APM promedio | 55.7 |
| APM pico | 101 |
| eAPM promedio | 32.6 |
| Aldeanos / militares | 111 / 37 |
Foco
⚔️ 21.2% · 🌾 78.8%
Camel Scout ×22 · Battering Ram ×11 · Kipchak ×4
Feudal
8:41
Castillos
23:04
Imperial
37:37
| APM promedio | 39.1 |
| APM pico | 69 |
| eAPM promedio | 21.0 |
| Aldeanos / militares | 66 / 41 |
Foco
⚔️ 27.6% · 🌾 72.4%
Spearman ×9 · Monk ×8 · Knight ×8 · Mangonel ×7 · Trebuchet (Packed) ×4 · Teutonic Knight ×3
Mapa de la partida
Recursos iniciales + cada clic de construcción. Líneas = muros · curvas = relieve. ◆ oro · ⬟ piedra · ● bayas · ✦ reliquia · ◌ hueco del cierre
Tu base· ✓ Cerrada en 28:31 · 0t muro · 2 puerta(s)
Base de Tako_res· ✓ Cerrada en 23:04 · 1t muro · 5 puerta(s)
Terreno inicial suavizado · ◌ = hueco del cierre detectado · pasá el cursor para detalles
Inputs por minuto
— Gashara - - Tako_res
Build order — Gashara
Primeras 150 de 236 acciones detectadas
| 0:01 | Crear | Villager (Male) |
| 0:01 | Crear | Villager (Male) ×3 |
| 0:02 | Crear | Villager (Male) ×3 |
| 0:03 | Construir | House |
| 0:04 | Construir | House |
| 1:23 | Crear | Villager (Male) |
| 1:48 | Construir | Lumber Camp |
| 1:52 | Construir | Lumber Camp |
| 1:59 | Crear | Villager (Male) |
| 2:19 | Crear | Villager (Male) |
| 2:19 | Crear | Villager (Male) |
| 2:55 | Crear | Villager (Male) |
| 3:23 | Crear | Villager (Male) |
| 3:23 | Crear | Villager (Male) |
| 3:53 | Construir | House |
| 4:19 | Crear | Villager (Male) |
| 4:19 | Crear | Villager (Male) |
| 4:23 | Crear | Villager (Male) |
| 4:23 | Crear | Villager (Male) |
| 4:39 | Construir | Mill |
| 4:41 | Crear | Villager (Male) |
| 5:29 | Investigar | Loom |
| 6:15 | Investigar | Feudal Age |
| 8:08 | Crear | Villager (Male) |
| 8:25 | Edad | Edad Feudal |
| 8:42 | Crear | Villager (Male) |
| 8:45 | Crear | Villager (Male) |
| 8:49 | Crear | Villager (Male) |
| 8:55 | Construir | Barracks |
| 9:02 | Construir | Blacksmith |
| 9:07 | Crear | Villager (Male) |
| 9:20 | Investigar | Double-Bit Axe |
| 9:23 | Crear | Villager (Male) |
| 9:43 | Construir | House |
| 9:52 | Construir | Mining Camp |
| 9:57 | Construir | House |
| 9:58 | Construir | Palisade Gate |
| 10:42 | Construir | Siege Workshop |
| 11:06 | Crear | Villager (Male) |
| 11:10 | Construir | Farm |
| 11:17 | Crear | Battering Ram |
| 11:29 | Crear | Villager (Male) |
| 11:43 | Construir | House |
| 12:10 | Construir | Market |
| 12:17 | Crear | Villager (Male) |
| 12:17 | Crear | Villager (Male) |
| 12:23 | Construir | Farm |
| 12:25 | Construir | Farm |
| 12:33 | Crear | Battering Ram |
| 13:22 | Construir | House |
| 13:36 | Crear | Battering Ram |
| 13:36 | Crear | Battering Ram |
| 14:30 | Crear | Villager (Male) |
| 14:30 | Crear | Villager (Male) |
| 14:33 | Construir | House |
| 15:01 | Crear | Villager (Male) |
| 15:01 | Crear | Villager (Male) |
| 16:07 | Construir | House |
| 16:14 | Crear | Villager (Male) |
| 16:14 | Crear | Villager (Male) |
| 16:34 | Crear | Villager (Male) |
| 17:28 | Construir | Town Center |
| 17:35 | Crear | Villager (Male) |
| 18:09 | Crear | Villager (Male) |
| 18:09 | Crear | Villager (Male) |
| 18:33 | Crear | Villager (Male) ×2 |
| 18:34 | Crear | Villager (Male) ×2 |
| 19:07 | Crear | Villager (Male) |
| 19:10 | Construir | Farm |
| 19:11 | Construir | Farm |
| 19:11 | Construir | Farm |
| 19:33 | Construir | Farm |
| 19:33 | Construir | Farm |
| 19:33 | Construir | Farm |
| 19:33 | Construir | Farm |
| 19:34 | Construir | Farm |
| 19:34 | Construir | Farm |
| 19:34 | Construir | Farm |
| 19:40 | Crear | Villager (Male) ×4 |
| 19:52 | Construir | Farm |
| 19:52 | Construir | Farm |
| 19:52 | Construir | Farm |
| 19:53 | Construir | Farm |
| 19:53 | Construir | Farm |
| 19:53 | Construir | Farm |
| 20:00 | Crear | Villager (Male) |
| 20:24 | Construir | Farm |
| 20:24 | Construir | Farm |
| 20:25 | Construir | Farm |
| 20:25 | Construir | Farm |
| 20:25 | Construir | Farm |
| 20:32 | Construir | Farm |
| 20:39 | Crear | Villager (Male) |
| 20:46 | Crear | Villager (Male) |
| 20:49 | Investigar | Horse Collar |
| 20:50 | Crear | Villager (Male) |
| 21:05 | Construir | Farm |
| 21:09 | Crear | Villager (Male) |
| 21:17 | Crear | Villager (Male) ×2 |
| 21:22 | Construir | House |
| 21:23 | Construir | House |
| 21:24 | Crear | Villager (Male) |
| 21:29 | Construir | Farm |
| 21:29 | Construir | Farm |
| 21:29 | Construir | Farm |
| 21:29 | Construir | Farm |
| 21:30 | Construir | Farm |
| 21:39 | Construir | Farm |
| 21:40 | Crear | Villager (Male) |
| 21:51 | Crear | Villager (Male) |
| 21:59 | Construir | House |
| 22:10 | Crear | Villager (Male) |
| 22:11 | Crear | Villager (Male) |
| 22:17 | Crear | Villager (Male) ×3 |
| 22:24 | Construir | Mill |
| 22:25 | Construir | Farm |
| 22:26 | Construir | Farm |
| 22:26 | Construir | Farm |
| 22:26 | Construir | Farm |
| 22:26 | Construir | Farm |
| 22:27 | Crear | Villager (Male) |
| 22:37 | Crear | Villager (Male) |
| 22:37 | Crear | Villager (Male) |
| 22:52 | Investigar | Gold Mining |
| 22:53 | Crear | Villager (Male) |
| 22:54 | Crear | Villager (Male) |
| 22:59 | Construir | Barracks |
| 23:11 | Crear | Villager (Male) |
| 23:11 | Crear | Villager (Male) |
| 23:15 | Construir | Farm |
| 23:15 | Construir | Farm |
| 23:15 | Construir | Farm |
| 23:16 | Construir | Farm |
| 23:22 | Crear | Villager (Male) |
| 23:31 | Crear | Villager (Male) |
| 23:31 | Crear | Villager (Male) |
| 23:39 | Crear | Villager (Male) |
| 23:39 | Crear | Villager (Male) |
| 23:49 | Construir | Mining Camp |
| 23:52 | Crear | Villager (Male) |
| 23:53 | Crear | Villager (Male) |
| 24:02 | Construir | House |
| 24:02 | Construir | House |
| 24:04 | Crear | Villager (Male) |
| 24:20 | Construir | Stable |
| 24:21 | Construir | Stable |
| 24:29 | Construir | Stable |
| 24:33 | Construir | House |
| 24:33 | Construir | House |
| 24:38 | Construir | House |
Build order — Tako_res
Primeras 150 de 200 acciones detectadas
| 0:00 | Crear | Villager (Male) |
| 0:01 | Crear | Villager (Male) |
| 0:01 | Crear | Villager (Male) |
| 0:02 | Crear | Villager (Male) |
| 0:02 | Construir | House |
| 0:04 | Construir | House |
| 1:28 | Crear | Villager (Male) |
| 2:05 | Crear | Villager (Male) |
| 2:12 | Construir | Lumber Camp |
| 2:25 | Crear | Villager (Male) |
| 2:25 | Crear | Villager (Male) |
| 2:40 | Crear | Villager (Male) |
| 2:40 | Crear | Villager (Male) |
| 3:00 | Crear | Villager (Male) |
| 3:34 | Crear | Villager (Male) |
| 3:46 | Crear | Villager (Male) |
| 3:51 | Construir | House |
| 4:14 | Crear | Villager (Male) |
| 4:51 | Construir | Mill |
| 4:55 | Crear | Villager (Male) |
| 5:10 | Crear | Villager (Male) |
| 5:12 | Investigar | Loom |
| 6:31 | Investigar | Feudal Age |
| 6:51 | Construir | Mining Camp |
| 7:07 | Construir | House |
| 7:21 | Crear | Villager (Male) |
| 8:41 | Edad | Edad Feudal |
| 8:47 | Construir | Watch Tower |
| 8:49 | Crear | Villager (Male) |
| 8:50 | Investigar | Double-Bit Axe |
| 8:51 | Investigar | Double-Bit Axe |
| 9:07 | Crear | Villager (Male) |
| 9:35 | Crear | Villager (Male) |
| 9:50 | Crear | Villager (Male) |
| 9:57 | Construir | House |
| 10:16 | Crear | Villager (Male) |
| 10:39 | Construir | Outpost |
| 10:57 | Construir | Watch Tower |
| 11:00 | Crear | Villager (Male) |
| 11:10 | Construir | Mill |
| 11:14 | Crear | Villager (Male) |
| 11:18 | Construir | House |
| 11:43 | Construir | Watch Tower |
| 11:49 | Crear | Villager (Male) |
| 12:12 | Construir | Outpost |
| 12:25 | Construir | House |
| 12:42 | Construir | Watch Tower |
| 12:45 | Crear | Villager (Male) |
| 12:51 | Construir | House |
| 12:55 | Crear | Villager (Male) |
| 13:09 | Construir | Palisade Gate |
| 13:11 | Construir | Palisade Wall |
| 13:18 | Crear | Villager (Male) |
| 13:27 | Crear | Villager (Male) |
| 13:32 | Construir | Farm |
| 13:32 | Construir | Farm |
| 13:32 | Construir | Farm |
| 13:33 | Construir | Farm |
| 14:04 | Construir | Watch Tower |
| 14:15 | Crear | Villager (Male) |
| 14:30 | Construir | Mining Camp |
| 14:31 | Crear | Villager (Male) |
| 14:40 | Crear | Villager (Male) |
| 14:57 | Construir | Palisade Gate |
| 15:01 | Construir | Farm |
| 15:01 | Crear | Villager (Male) |
| 15:11 | Construir | House |
| 15:39 | Investigar | Wheelbarrow |
| 16:18 | Construir | Farm |
| 16:19 | Construir | Farm |
| 16:19 | Crear | Villager (Male) |
| 16:59 | Crear | Villager (Male) |
| 17:29 | Crear | Villager (Male) |
| 17:35 | Construir | Mining Camp |
| 17:46 | Construir | Palisade Gate |
| 17:56 | Construir | House |
| 18:07 | Crear | Villager (Male) |
| 18:11 | Construir | Farm |
| 18:11 | Construir | Farm |
| 18:13 | Construir | House |
| 18:14 | Construir | House |
| 18:46 | Construir | Market |
| 18:50 | Crear | Villager (Male) |
| 18:54 | Construir | House |
| 19:50 | Construir | Blacksmith |
| 19:52 | Crear | Villager (Male) |
| 20:05 | Crear | Villager (Male) |
| 20:21 | Investigar | Horse Collar |
| 20:24 | Investigar | Castle Age |
| 20:25 | Investigar | Castle Age |
| 20:29 | Construir | House |
| 20:56 | Construir | Barracks |
| 21:04 | Investigar | Fletching |
| 21:04 | Investigar | Fletching |
| 21:11 | Crear | Villager (Male) |
| 21:44 | Construir | Stable |
| 21:49 | Construir | House |
| 21:54 | Crear | Spearman |
| 22:00 | Investigar | Forging |
| 22:21 | Construir | House |
| 22:39 | Construir | Farm |
| 22:40 | Construir | Farm |
| 23:04 | Edad | Edad de los Castillos |
| 23:11 | Crear | Knight |
| 23:29 | Construir | Castle |
| 23:33 | Crear | Knight |
| 23:37 | Crear | Villager (Male) |
| 23:48 | Construir | Siege Workshop |
| 23:57 | Crear | Knight |
| 24:05 | Crear | Villager (Male) |
| 24:15 | Crear | Villager (Male) |
| 24:39 | Construir | Monastery |
| 24:52 | Crear | Battering Ram |
| 24:54 | Crear | Villager (Male) |
| 24:58 | Crear | Knight |
| 25:01 | Crear | Villager (Male) |
| 25:25 | Crear | Monk |
| 25:36 | Crear | Villager (Male) |
| 25:51 | Crear | Mangonel |
| 26:07 | Construir | Mining Camp |
| 26:10 | Crear | Villager (Male) |
| 26:30 | Construir | Watch Tower |
| 26:31 | Crear | Villager (Male) |
| 26:34 | Investigar | Fervor |
| 26:35 | Investigar | Fervor |
| 26:47 | Crear | Villager (Male) |
| 26:52 | Crear | Battering Ram |
| 27:16 | Crear | Villager (Male) |
| 27:21 | Investigar | Scale Barding Armor |
| 27:21 | Investigar | Scale Barding Armor |
| 27:36 | Crear | Knight |
| 27:36 | Crear | Knight |
| 27:47 | Crear | Monk |
| 28:05 | Crear | Mangonel |
| 28:06 | Crear | Villager (Male) |
| 28:11 | Crear | Villager (Male) |
| 28:22 | Crear | Mangonel |
| 28:56 | Crear | Villager (Male) |
| 28:59 | Crear | Villager (Male) |
| 29:06 | Crear | Knight |
| 29:06 | Crear | Knight |
| 29:14 | Construir | Barracks |
| 29:16 | Construir | House |
| 29:18 | Construir | Palisade Wall |
| 29:20 | Construir | Palisade Wall |
| 29:32 | Investigar | Scale Mail Armor |
| 29:34 | Investigar | Pikeman (upgrade) |
| 29:58 | Crear | Villager (Male) |
| 30:15 | Construir | Mining Camp |
| 30:25 | Crear | Spearman |
Cronología de la partida
| 8:25 | Gashara · age_up feudal |
| 8:41 | Tako_res · age_up feudal |
| 8:55 | Gashara · first_building Barracks |
| 10:42 | Gashara · first_building Siege Workshop |
| 13:11 | Tako_res · wall_segment Palisade Wall x1 |
| 13:34 | Gashara · first_market_sell 100 food |
| 18:08 | Gashara · first_market_buy 100 food |
| 19:37 | Tako_res · first_market_buy 100 food |
| 19:38 | Tako_res · first_market_sell 100 wood |
| 20:56 | Tako_res · first_building Barracks |
| 21:44 | Tako_res · first_building Stable |
| 23:04 | Tako_res · age_up castle |
| 23:29 | Tako_res · first_building Castle |
| 23:48 | Tako_res · first_building Siege Workshop |
| 24:20 | Gashara · first_building Stable |
| 24:39 | Tako_res · first_building Monastery |
| 28:31 | Gashara · age_up castle |
| 29:18 | Tako_res · wall_segment Palisade Wall x1 |
| 29:20 | Tako_res · wall_segment Palisade Wall x1 |
| 29:46 | Gashara · first_building Castle |
| 37:37 | Tako_res · age_up imperial |
| 39:02 | Gashara · resign |
[ ANÁLISIS IA · 1 CRÉDITO ]
¿Qué pasó realmente en esta partida?
Wolo.gg analiza cada decisión: build order, eco, micro, errores típicos por bracket. Análisis personalizado por WhatsApp o Discord en 30 segundos.
Guía civ
Cumanos
Perfil
Gashara